 Dungeon Sprint DCSS version 0.29-a0-998-g1987434951 (webtiles) character file.

Game seed: 1237871939584291842

1245 tbh1313 the Cleaver (level 8, -1/79 HPs)
             Began as a Minotaur Berserker on Aug 5, 2022.
             Was a Priest of Trog.
             Slain by Sonja
             ... wielding a +2 dagger of distortion
              (15 damage)
             ... in the Dungeon (Sprint I: "Red Sonja").
             The game lasted 00:03:23 (779 turns).

tbh1313 the Cleaver (Minotaur Berserker)             Turns: 779, Time: 00:03:24

Health: -1/79      AC:  4    Str: 22    XL:     8   Next: 25%
Magic:  7/7        EV: 15    Int:  6    God:    Trog [***...]
Gold:   405        SH:  0    Dex: 10    Spells: 7/7 levels left

rFire   + . .      SeeInvis .   a - +0 hand axe
rCold   . . .      Faith    .   (no shield)
rNeg    . . .      Spirit   .   k - +2 robe {rF+}
rPois   .          Reflect  .   (helmet restricted)
rElec   .          Harm     .   (no cloak)
rCorr   .          Rampage  .   (no gloves)
Will    ++...      NoTele   +   (no boots)
Stlth   +.........              (no amulet)
HPRegen 1.23/turn               (no ring)
MPRegen 0.10/turn               (no ring)

@: lethally poisoned (-1 -> -2), strong-willed, on berserk cooldown,
regenerating, slowed, very slow
A: horns 2, retaliatory headbutt
a: Renounce Religion, Berserk, Trog's Hand


You were in the Dungeon.
You worshipped Trog.
Trog was most pleased with you.
You visited 1 branch You collected 405 gold pieces.

Inventory:

Hand Weapons
 a - a +0 hand axe (weapon)
Armour
 k - a +2 robe of fire resistance (worn)
Wands
 i - a wand of flame (13)
Scrolls
 h - 2 scrolls of blinking
Potions
 b - 2 potions of cancellation {unknown}
 c - a potion of curing
 e - a potion of haste
 f - 2 potions of magic
 g - a potion of berserk rage


   Skills:
 - Level 10.0 Fighting
 + Level 14.1 Axes
 - Level 10.0 Armour
 - Level 10.0 Dodging


You had 7 spell levels left.
You didn't know any spells.
Your spell library was empty.

Dungeon Overview and Level Annotations

Branches:
Dungeon (1/1)

Altars:
Cheibriados
Dithmenos
Elyvilon
Fedhas
Gozag
Hepliaklqana
Kikubaaqudgha
Makhleb
Nemelex Xobeh
Okawaru
Qazlal
Ru
Sif Muna
Trog
Uskayaw
Vehumet
Wu Jian
Xom
Yredelemnul
Zin
The Shining One
Jiyva
Lugonu

Shops:
D *

Annotations:
D Sonja


Innate Abilities, Weirdness & Mutations

You have a pair of horns on your head.
You reflexively headbutt those who attack you in melee.


Message History

Sonja says, "I'm academy-trained, you know."
You see here 27 gold pieces.
The door flies open with a bang!
You feel very sick.
Sonja throws a curare-tipped dart.
The curare-tipped dart hits you.
You are more poisoned.
You have difficulty breathing.
You feel as though you will be slow longer.
You feel your anger nearly subside.
You feel very sick.
There is an open door here.
You are no longer berserk.
You are exhausted.
You feel as though you will be slow longer.
You feel very sick.
You close the door.
You feel very sick.
Okay, then.
You start resting.
You feel very sick.
Sonja, the Graceful Assassin opens the door.
She is wielding a +2 dagger of distortion and quivering curare-tipped darts.
You feel much better.
You feel sick.
Sonja hits you with a +2 dagger of distortion!
Sonja hits you with a +2 dagger of distortion.
Sonja barely misses you.
You completely miss Sonja.
You feel sick. Sonja barely misses you. You furiously retaliate!
You headbutt Sonja!
Sonja hits you with a +2 dagger of distortion.
Sonja completely misses you.
You closely miss Sonja.
Sonja is moderately wounded.
You feel sick. Sonja hits you but does no damage. Sonja misses you.
Sonja hits you with a +2 dagger of distortion!
Space warps horribly around you!
Sonja hits you with a +2 dagger of distortion!
* * * LOW HITPOINT WARNING * * *
Sonja hits you with a +2 dagger of distortion.
* * * LOW HITPOINT WARNING * * *
Space warps horribly around you!
You die...

#..#####'#####'#__####...+
#..## #..#...#)####$?#####
#..#__####..##K#~§§.c#
#..#_____##'#_.+~§§§§
#⌠⌠#_.∩...÷..._#~§~§c#
####_..__##_.#+# +###
#_____###'#.#
##########.###
.......@K$.$+
#++++####$.$# ##.## #+#


You could see Sonja.

Levels and vault maps discovered:
D:        dungeon_sprint_1 [red_sonja_temple_1, red_sonja_temple_small_1]

Notes
Turn   | Place    | Note
-------+----------+-------------------------------------------
     0 | D        | tbh1313 the Minotaur Berserker began the quest for the Orb.
     0 | D        | Reached XP level 1. HP: 19/19 MP: 0/0
     1 | D        | Noticed Ijyb
    10 | D        | Killed Ijyb
    11 | D        | Reached skill level 7 in Axes
    11 | D        | Reached XP level 2. HP: 15/26 MP: 1/1
   201 | D        | Noticed an ogre
   204 | D        | Killed an ogre
   205 | D        | Reached skill level 11 in Axes
   205 | D        | Reached XP level 3. HP: 31/31 MP: 2/2
   205 | D        | Reached XP level 4. HP: 39/39 MP: 3/3
   241 | D        | Noticed Sigmund
   248 | D        | Killed Sigmund
   248 | D        | Reached ** piety under Trog
   249 | D        | Reached skill level 14 in Axes
   249 | D        | Reached XP level 5. HP: 51/51 MP: 4/4
   249 | D        | Reached XP level 6. HP: 58/58 MP: 5/5
   303 | D        | Found an ornate altar of the Wu Jian Council.
   303 | D        | Found a shimmering blue altar of Sif Muna.
   305 | D        | Found a radiant altar of Vehumet.
   368 | D        | Found Uxtaxt's General Store.
   368 | D        | Found an ancient bone altar of Kikubaaqudgha.
   368 | D        | Found a hazy altar of Hepliaklqana.
   368 | D        | Found a hide-covered altar of Uskayaw.
   368 | D        | Found a basalt altar of Yredelemnul.
   368 | D        | Found an opulent altar of Gozag.
   368 | D        | Found a snail-covered altar of Cheibriados.
   368 | D        | Found a sacrificial altar of Ru.
   368 | D        | Found a shadowy altar of Dithmenos.
   368 | D        | Noticed a yak
   377 | D        | Killed a yak
   378 | D        | Reached skill level 10 in Fighting
   501 | D        | Found a stormy altar of Qazlal.
   501 | D        | Found a blossoming altar of Fedhas.
   501 | D        | Found a bloodstained altar of Trog.
   501 | D        | Found an iron altar of Okawaru.
   501 | D        | Found a glowing golden altar of the Shining One.
   501 | D        | Found a glowing silver altar of Zin.
   501 | D        | Found a white marble altar of Elyvilon.
   502 | D        | Found a sparkling altar of Nemelex Xobeh.
   513 | D        | Found a viscous altar of Jiyva.
   513 | D        | Found a corrupted altar of Lugonu.
   513 | D        | Noticed a slime creature
   514 | D        | Found a burning altar of Makhleb.
   514 | D        | Found a shimmering altar of Xom.
   526 | D        | Killed a slime creature
   527 | D        | Reached XP level 7. HP: 41/72 MP: 6/6
   679 | D        | Noticed a kobold demonologist
   680 | D        | Noticed a kobold demonologist
   682 | D        | Paralysed by a floating eye for 2 turns
   692 | D        | Killed a kobold demonologist
   692 | D        | Reached *** piety under Trog
   699 | D        | Killed a kobold demonologist
   700 | D        | Reached skill level 10 in Armour
   700 | D        | Reached skill level 10 in Dodging
   700 | D        | Reached XP level 8. HP: 79/79 MP: 7/7
   752 | D        | Noticed a centaur warrior
   752 | D        | Noticed a centaur warrior
   763 | D        | Noticed Sonja
   779 | D        | Slain by Sonja

Table legend: (Time is in decaauts)
 A = Elapsed time spent in this place.
 B = Non-inter-level travel time spent in this place.
 C = Inter-level travel time spent in this place.
 D = Time resting spent in this place.
 E = Time spent auto-exploring this place.
 F = Levels seen in this place.
 G = Mean time per level.
                   A        B        C        D        E       F      G
               +--------+--------+--------+--------+--------+-----+--------+
         Total |    798 |    798 |      0 |    471 |    124 |   1 |  798.0 |
       Dungeon |    798 |    798 |      0 |    471 |    124 |   1 |  798.0 |
               +--------+--------+--------+--------+--------+-----+--------+

Top non-repeatable levels by time:
       D: 798 daAuts

Table legend:
 A = Kills in this place as a percentage of kills in entire the game.
 B = Kills by you in this place as a percentage of kills by you in the entire game.
 C = Kills by friends in this place as a percentage of kills by friends in the entire game.
 D = Other kills in this place as a percentage of other kills in the entire game.
 E = Experience gained in this place as a percentage of experience gained in the entire game.
 F = Experience gained in this place divided by the number of levels of this place that you have seen.
                   A       B       C       D       E      F
               +-------+-------+-------+-------+-------+----------------------
         Total | 100.0 | 100.0 |   N/A |   N/A | 100.0 | 1779.0
       Dungeon | 100.0 | 100.0 |   N/A |   N/A | 100.0 | 1779.0
               +-------+-------+-------+-------+-------+----------------------

Action                   |  1- 3 |  4- 6 |  7- 9 || total
-------------------------+-------+-------+-------++-------
Melee: Hand axe          |     9 |    29 |    18 ||    56
       Headbutt          |     1 |     8 |     1 ||    10
Invok: Berserk           |     2 |     1 |     2 ||     5
       Trog's Hand       |       |     1 |     2 ||     3
Evoke: Wand              |       |       |     3 ||     3
  Use: Potion            |       |       |     1 ||     1
Armor: Robe              |       |     2 |     2 ||     4
Dodge: Dodged            |     4 |     8 |    10 ||    22

Vanquished Creatures
  2 kobold demonologists (D)
  A slime creature (D)
  Sigmund (D)
  A yak (D)
  A floating eye (D)
  An ogre (D)
  A jelly (D)
  Ijyb (D)
9 creatures vanquished.
